 Seeded DCSS version 0.29-a0-472-ge5599a681e (webtiles) character file.

Game seed: 6774861435536819975 (custom seed)

499 bwicke the Bolt Thrower (level 7, 0/43 HPs)
             Began as an Octopode Wanderer on May 22, 2022.
             Slain by Pikel
             ... wielding a +0 whip of freezing
              (9 damage)
             ... on level 4 of the Dungeon.
             The game lasted 00:10:02 (3363 turns).

bwicke the Bolt Thrower (Octopode Wanderer)         Turns: 3363, Time: 00:10:03

Health: 0/43       AC:  5    Str: 14    XL:     7   Next: 16%
Magic:  7/7        EV: 12    Int: 11    God:
Gold:   120        SH:  0    Dex: 14    Spells: 6/6 levels left

rFire   . . .      SeeInvis .   f - +2 short sword (venom)
rCold   + . .      Faith    .   (no shield)
rNeg    . . .      Spirit   .   (helmet restricted)
rPois   .          Reflect  .   (no amulet)
rElec   .          Harm     .   m - ring of protection from fire
rCorr   .          Rampage  .   u - +4 ring of protection
Will    .....                   w - ring of ice
Stlth   +++.......              (no ring)
HPRegen 0.14/turn               (no ring)
MPRegen 0.10/turn               (no ring)
                                (no ring)
                                (no ring)

@: no status effects
A: almost no armour, amphibious, 8 rings, camouflage 1, gelatinous body 1,
(nimble swimmer 1), tentacles
a: no special abilities


You were on level 4 of the Dungeon.
You visited 1 branch of the dungeon, and saw 4 of its levels.

You collected 120 gold pieces.

Inventory:

Hand Weapons
 a - a +2 hand crossbow
 b - a +0 hunting sling
 f - a +2 short sword of venom (weapon)
 g - a +0 dagger
 v - a +0 vorpal flail
Missiles
 e - 14 poisoned darts
 h - 4 atropa-tipped darts
 j - 2 throwing nets
Jewellery
 m - a ring of protection from fire (left tentacle)
 u - a +4 ring of protection (right tentacle)
 w - a ring of ice (on tentacle)
Scrolls
 c - a scroll of blinking
 d - 2 scrolls of fear
 k - 2 scrolls of teleportation
 q - a scroll of torment {unknown}
Potions
 i - a potion of heal wounds {unknown}
 o - a potion of cancellation {unknown}
 p - a potion of lignification {unknown}
 r - a potion of flight
 s - a potion of degeneration {unknown}
 x - a potion of might {unknown}
Miscellaneous
 t - a piece from Xom's chessboard (14/15)


   Skills:
 - Level 1.0 Fighting
 - Level 2.0 Slings
 + Level 7.9 Crossbows
 - Level 1.3 Stealth
 - Level 3.2 Evocations


You had 6 spell levels left.
You didn't know any spells.
Your spell library contained the following spells:

 Spells                   Type           Power      Damage    Failure   Level
 Scorch                   Fire           0%         2d5       47%         2
 Sublimation of Blood     Necr           0%         N/A       47%         2
 Flame Wave               Conj/Fire      0%         2d4       98%         4
 Petrify                  Tmut/Erth      0%         N/A       98%         4
 Irradiate                Conj/Tmut      0%         3d13      100%        5
 Summon Cactus Giant      Summ           0%         N/A       100%        6


Dungeon Overview and Level Annotations

Branches:
Dungeon (4/15)
 Temple: D:4-7

Altars:
Okawaru
Xom

Shops:
D:3 (

Annotations:
D:4 Pikel


Innate Abilities, Weirdness & Mutations

You cannot wear most types of armour.
You are amphibious.
You can wear up to eight rings at the same time.
Your skin changes colour to match your surroundings (Stealth+).
Your rubbery body absorbs attacks. (AC +1, EV +1)
((You are camouflaged when in or above water. (Stealth+)))
You have tentacles for arms and can constrict up to eight enemies at once.


Message History

You release your grip on Pikel.
Your +2 short sword of venom stops dripping with poison.
a - a +2 hand crossbow (weapon)
You make a move on Xom's chessboard...
Pikel flickers and vanishes!
Deactivating autopickup; reactivate with Ctrl-A.
It was a potion of flight.
You feel very buoyant.
You fly up into the air.
Your extra speed is starting to run out.
You feel yourself slow down.
You hear the rusting of a very distant drain.
Things that are here:
a +0 dagger; an orc skeleton
Items here: ( ))) [[ ÷÷.
Things that are here:
a +0 dagger; an orc skeleton You are starting to lose your buoyancy.
You float gracefully downwards.
Pikel appears from thin air!
Reactivating autopickup.
You are too injured to fight recklessly!
Shoot: a) +2 hand crossbow
Press: ? - help, Shift-Dir - straight line, f/p - Pikel
Aim: Pikel, wielding a +0 whip of freezing and wearing a +0 robe (heavily wounded, 59% to hit)
You shoot a bolt. The bolt closely misses Pikel.
Shoot: a) +2 hand crossbow
Press: ? - help, Shift-Dir - straight line, f/p - Pikel
Aim: Pikel, wielding a +0 whip of freezing and wearing a +0 robe (heavily wounded, 59% to hit)
You shoot a bolt. The bolt closely misses Pikel.
Shoot: a) +2 hand crossbow
Press: ? - help, Shift-Dir - straight line, f/p - Pikel
Aim: Pikel, wielding a +0 whip of freezing and wearing a +0 robe (heavily wounded, 59% to hit)
You shoot a bolt. The bolt hits Pikel.
Pikel is heavily wounded.
Really wriggle into that dispersal trap?
You enter a dispersal trap!
Pikel blinks!
You blink.
Your +2 short sword of venom begins to drip with poison!
f - a +2 short sword of venom (weapon)
Pikel hits you with a +0 whip of freezing!
You die...

### ###...#..
#.#...#.#
##########.#...#.#
#@K........##.##.#
#§#######..##.##)#
#.# #..##.##.# #§#
#..##.##.# #.#
#.{##.##.# #.#
#.....{).# #.#
#.###.####
.######.#######.###.#
........##..........#


You could see Pikel.

Vanquished Creatures
  Sigmund (D:2)
  A scorpion (D:4)
  An orc priest (D:4)
  Natasha (thrice) (D:2)
  An iguana (D:4)
  2 orc wizards
  A gnoll (D:3)
  An adder (D:4)
  A worm (D:3)
  2 dart slugs
  10 orcs
  7 bats
  3 endoplasms (D:1)
  6 giant cockroaches
  2 hobgoblins
  3 quokkas
  7 ball pythons
  3 frilled lizards
  9 goblins
  6 kobolds
  4 rats
  A butterfly (D:4)
75 creatures vanquished.

Notes
Turn   | Place    | Note
-------+----------+-------------------------------------------
     0 | D:1      | bwicke the Octopode Wanderer began the quest for the Orb.
     0 | D:1      | bwicke set off with the following items: a +2 hand
                  | crossbow, a +0 hunting sling, a wand of flame (4), a scroll
                  | of fear
     0 | D:1      | Reached XP level 1. HP: 13/13 MP: 1/1
    68 | D:1      | Found a faded altar of an unknown god.
   157 | D:1      | Reached XP level 2. HP: 18/18 MP: 2/2
   675 | D:1      | Reached skill level 4 in Crossbows
   793 | D:1      | Reached XP level 3. HP: 23/23 MP: 3/3
   945 | D:2      | Noticed Natasha
   952 | D:2      | Killed Natasha
  1240 | D:2      | Noticed Natasha
  1250 | D:2      | Killed Natasha
  1251 | D:2      | Reached skill level 5 in Crossbows
  1251 | D:2      | Reached XP level 4. HP: 8/28 MP: 4/4
  1793 | D:2      | Noticed Sigmund
  1962 | D:2      | Killed Sigmund
  1963 | D:2      | Reached skill level 6 in Crossbows
  1963 | D:2      | Reached XP level 5. HP: 33/33 MP: 5/5
  1963 | D:2      | Reached XP level 6. HP: 38/38 MP: 6/6
  1982 | D:2      | Noticed Natasha
  1994 | D:2      | Killed Natasha
  2644 | D:3      | Found Synli's Weapon Boutique.
  2777 | D:3      | Reached skill level 7 in Crossbows
  2845 | D:3      | Found an iron altar of Okawaru.
  3013 | D:4      | Found a shimmering altar of Xom.
  3255 | D:4      | Reached XP level 7. HP: 24/43 MP: 7/7
  3270 | D:4      | Noticed Pikel
  3307 | D:4      | HP: 2/43 [Pikel/+0 whip of freezing (4)]
  3363 | D:4      | Slain by Pikel

Illustrated notes

Levels and vault maps discovered:
D:1:      nzn_arrival_water_spiral, layout_basic, basic_ecumenical_altar
D:2:      layout_loops_corners, uniq_natasha, uniq_sigmund
D:3:      layout_basic, okawaru_altar_gauntlet_db, serial_shops, shop_statue
D:4:      layout_loops_ring, xom_butterflies, gup_sewer_entry_pipe,
          nicolae_elevator_lobby_asterisk, uniq_pikel

Skill      XL: |  1  2  3  4  5  6 |
---------------+-------------------+-----
Crossbows      | 4 5 6 7 |  7.9
Fighting       | |  1.0
Slings         | |  2.0
Stealth        | |  1.3
Evocations     | |  3.2

Action                   |  1- 3 |  4- 6 |  7- 9 || total
-------------------------+-------+-------+-------++-------
Melee: Short sword       |       |    28 |    17 ||    45
       Constrict         |       |     9 |     4 ||    13
       Tentacles         |       |     6 |     3 ||     9
       Punch             |       |       |     2 ||     2
 Fire: Hand crossbow     |    64 |    88 |    16 ||   168
Throw: Throwing net      |     2 |       |       ||     2
Evoke: Wand              |     4 |       |       ||     4
       Piece from Xom's  |       |       |     1 ||     1
  Use: Scroll            |       |     2 |       ||     2
       Potion            |       |       |     3 ||     3
 Stab: Sleeping          |       |     1 |       ||     1
Armor: Skin              |     5 |     7 |       ||    12
Dodge: Dodged            |    26 |    20 |     5 ||    51

Table legend: (Time is in decaauts)
 A = Elapsed time spent in this place.
 B = Non-inter-level travel time spent in this place.
 C = Inter-level travel time spent in this place.
 D = Time resting spent in this place.
 E = Time spent auto-exploring this place.
 F = Levels seen in this place.
 G = Mean time per level.
                   A        B        C        D        E       F      G
               +--------+--------+--------+--------+--------+-----+--------+
         Total |   3415 |   3334 |     81 |      0 |   2467 |   4 |  853.8 |
       Dungeon |   3415 |   3334 |     81 |      0 |   2467 |   4 |  853.8 |
               +--------+--------+--------+--------+--------+-----+--------+

Top non-repeatable levels by time:
     D:2: 1487 daAuts
     D:1: 951 daAuts
     D:3: 641 daAuts
     D:4: 334 daAuts
